 Dungeon Crawl Stone Soup version 0.28.0-49-g6dfe1f597d (webtiles) character file.

Game seed: 5429430727072389327

28396 pkoi the Covert (level 12, -4/104 HPs)
             Began as a Demigod Gladiator on May 18, 2022.
             Slain by a yak (7 damage)
             ... on level 3 of the Lair of Beasts.
             The game lasted 00:30:46 (23746 turns).

pkoi the Covert (Demigod Gladiator)                Turns: 23746, Time: 00:30:47

Health: -4/104     AC: 24    Str: 19    XL:     12   Next: 75%
Magic:  20/20      EV:  8    Int: 32    God:
Gold:   597        SH:  5    Dex: 15    Spells: 11/17 levels left

rFire   . . .      SeeInvis .   z - +9 rapier of Frustration {vorpal, Str+4}
rCold   + . .      Faith    .   (no shield)
rNeg    . . .      Spirit   .   K - +2 plate armour {rC+}
rPois   .          Reflect  +   c - +1 helmet
rElec   .          Harm     .   (no cloak)
rCorr   .          Rampage  .   k - +2 pair of gloves
Will    +....                   (no boots)
Stlth   ..........              G - amulet of reflection
HPRegen 0.00/turn               l - +6 ring of intelligence
MPRegen 0.17/turn               u - +4 ring of protection

@: inhibited regen
A: high MP 1, forlorn, divine attributes, inhibited regeneration, MP-powered
wands
a: no special abilities


You were on level 3 of the Lair of Beasts.
You visited 2 branches of the dungeon, and saw 11 of its levels.

You collected 654 gold pieces.
You spent 57 gold pieces at shops.

Inventory:

Hand Weapons
 a - a +0 quarterstaff
 f - a +0 hunting sling
 i - a +2 dagger of venom
 r - a +0 whip of holy wrath
 z - the +9 rapier of Frustration (weapon) {vorpal, Str+4}
   (You found it on level 5 of the Dungeon)

   It inflicts extra damage upon your enemies.
   Str:       It affects your strength (+4).
Missiles
 d - 3 throwing nets (quivered)
 g - 82 sling bullets
 D - 5 boomerangs of dispersal
Armour
 b - a +0 leather armour
 c - a +1 helmet (worn)
 k - a +2 pair of gloves (worn)
 t - the +2 leather armour of Hopscotch {Will+ Int+2 SInv}
   (You found it on level 3 of the Dungeon)

   Int:       It affects your intelligence (+2).
   SInv:      It lets you see invisible.
   Will:      It increases your willpower.
 K - a +2 plate armour of cold resistance (worn)
Magical Staves
 M - a staff of conjuration
Jewellery
 j - a ring of fire
 l - a +6 ring of intelligence (left hand)
 u - a +4 ring of protection (right hand)
 v - an amulet of magic regeneration
 A - a ring of ice
 G - an amulet of reflection (around neck)
 H - a +6 ring of intelligence
Wands
 q - a wand of iceblast (15)
 x - a wand of digging (4)
 F - a wand of flame (40)
 L - a wand of mindburst (7)
 O - a wand of charming (5)
Scrolls
 m - 3 scrolls of enchant armour
 s - 4 scrolls of teleportation
 w - 3 scrolls of fear
 y - 4 scrolls of blinking
 C - a scroll of identify
 E - 2 scrolls of holy word
 J - a scroll of brand weapon
Potions
 e - a potion of magic
 h - 2 potions of heal wounds
 n - 5 potions of curing
 o - 3 potions of brilliance
 p - 2 potions of lignification
 B - a potion of ambrosia
 I - a potion of haste
 N - 2 potions of flight


   Skills:
 - Level 9.0 Fighting
 * Level 8.4 Short Blades
 - Level 8.0 Staves
 - Level 1.7 Throwing
 + Level 6.5 Armour
 - Level 6.0 Dodging
 - Level 9.2 Stealth
 - Level 3.0 Spellcasting
 - Level 4.9 Conjurations
 - Level 2.5 Fire Magic
 - Level 6.0 Evocations


You had 11 spell levels left.
You knew the following spells:

 Your Spells              Type           Power      Damage    Failure   Level
a - Scorch                Fire           42%        2d7       65%         2
b - Flame Wave            Conj/Fire      28%        2d8       98%         4

Your spell library contained the following spells:

 Spells                   Type           Power      Damage    Failure   Level
 Summon Cactus Giant      Summ           2%         N/A       100%        6


Dungeon Overview and Level Annotations

Branches:
Dungeon (8/15)             Temple (0/1) D:7            Lair (3/6) D:8
  Swamp: Lair:2-4    Shoals: Lair:2-4     Snake: Lair:2-4    Spider: Lair:2-4

Shops:
D:3 [*?[   D:4 [   D:5 (   D:7 ((*

Annotations:
D:3 1 runed translucent door, firemarshallily's ghost, amateur GrEE


Innate Abilities, Weirdness & Mutations

You have an increased reservoir of magic. (+10% MP)
You shall have no god before yourself.
Your divine heritage dramatically boosts your attributes as you level up.
You do not regenerate when monsters are visible.
You expend magic power (3 MP) to strengthen your wands.


Message History

The yak is almost dead.
You block the yak's attack.
You barely miss the yak.
The yak is almost dead.
The yak barely misses you.
You puncture the yak!
You kill the yak!
You hit the yak.
The yak is lightly wounded.
The yak gores you.
* * * LOW HITPOINT WARNING * * *
You puncture the yak!
The yak is heavily wounded.
The yak gores you but does no damage.
You hit the yak but do no damage.
The yak is heavily wounded.
You hit the yak.
The yak is severely wounded.
You block the yak's attack.
You puncture the yak!
You kill the yak!
You hit the yak.
The yak is lightly wounded.
The yak gores you but does no damage.
You barely miss the yak.
The yak is lightly wounded.
The yak gores you!
* * * LOW HITPOINT WARNING * * *
You barely miss the yak.
The yak is lightly wounded.
The yak gores you but does no damage.
You hit the yak.
The yak is moderately wounded.
The yak gores you but does no damage.
You hit the yak.
The yak is moderately wounded.
You barely miss the yak.
The yak is moderately wounded.
The yak gores you!
You die...

.Y.##..###.##....................
...##### ###.....................
...## ##....................
....# #.#.......#..#....... ..Y##
#.###...#####....#... ...#
#..###..# #)..###.. .YY##
#..###..## ##...# ### Y...#
##..Y##...# #.#..##### ...##
##...#@...P# ##........ ....#
#####...###...######.......
...P###.#.##..###...#..##P.......
.....YY.Y.....#..#...............
.................................
#P#####..##..##.##.!..#########.P
### ################# ###


You could see a yak.

Vanquished Creatures
  3 hydras
  A two-headed ogre (D:8)
  4 death yaks
  2 black mambas
  6 elephants (Lair:2)
  9 cane toads
  A rime drake (Lair:3)
  8 komodo dragons
  Prince Ribbit (D:6)
  Grinder (D:5)
  A hornet (D:7)
  17 blink frogs
  A wyvern (Lair:2)
  40 yaks
  2 basilisks
  Edmund (D:4)
  Menkaure (D:4)
  A steam dragon (D:7)
  7 water moccasins
  3 orc warriors
  3 black bears
  2 ice beasts
  A sky beast (D:8)
  23 wolves
  2 ogres
  2 centaurs
  A phantom (D:7)
  Blork the orc (D:4)
  11 bullfrogs
  2 scorpions
  5 wights
  3 killer bees
  4 centaur zombies
  A hound (D:6)
  3 jellies
  2 orc priests
  Ijyb (D:3)
  2 iguanas
  Natasha (thrice) (D:3)
  3 orc wizards
  A scorpion zombie (D:5)
  4 hell rats (Lair:2)
  2 killer bee zombies (D:6)
  2 hound skeletons (D:4)
  A howler monkey zombie (D:7)
  4 gnolls (D:3)
  5 adders
  A shadow imp (D:6)
  An ufetubus (D:6)
  2 worms
  A dart slug (D:2)
  18 orcs
  5 bats
  4 endoplasms
  4 giant cockroaches (D:2)
  4 goblins
  9 hobgoblins
  5 jackals
  11 kobolds
  4 quokkas
  6 ball pythons
  3 frilled lizards
  9 rats
291 creatures vanquished.

Vanquished Creatures (others)
  26 fungi
  34 plants
60 creatures vanquished.

Grand Total: 351 creatures vanquished

Notes
Turn   | Place    | Note
-------+----------+-------------------------------------------
     0 | D:1      | pkoi the Demigod Gladiator began the quest for the Orb.
     0 | D:1      | Reached XP level 1. HP: 17/17 MP: 3/3
   550 | D:1      | Reached XP level 2. HP: 24/24 MP: 4/4
   767 | D:2      | Reached skill level 1 in Armour
  1183 | D:2      | Reached XP level 3. HP: 18/30 MP: 5/5
  2312 | D:2      | Reached XP level 4. HP: 20/37 MP: 6/6
  3319 | D:3      | Found a runed translucent door.
  3319 | D:3      | Noticed firemarshallily's ghost (amateur GrEE)
  3335 | D:3      | Found Ozemm's Antique Armour Boutique.
  3336 | D:3      | Noticed Natasha
  3347 | D:3      | Killed Natasha
  3358 | D:3      | Noticed Natasha
  3371 | D:3      | Killed Natasha
  3445 | D:3      | Reached XP level 5. HP: 39/45 MP: 7/7
  3538 | D:3      | Noticed Natasha
  3545 | D:3      | Killed Natasha
  3803 | D:3      | Noticed Ijyb
  3818 | D:3      | Killed Ijyb
  3876 | D:3      | Found Haig's Magic Scroll Boutique.
  3880 | D:3      | Bought a scroll of teleportation for 33 gold pieces
  3904 | D:3      | Found Vofrenwi's Armour Emporium.
  3921 | D:3      | Identified the +2 leather armour of Hopscotch {Will+ Int+2
                  | SInv}
  4273 | D:3      | Found Xiputoec's Assorted Antiques.
  4476 | D:4      | Noticed Menkaure
  4585 | D:4      | Found Yrompul's Armour Shoppe.
  4610 | D:4      | Killed Menkaure
  4611 | D:4      | Reached skill level 1 in Evocations
  4611 | D:4      | Reached XP level 6. HP: 31/51 MP: 8/8
  5222 | D:4      | Noticed Edmund
  5270 | D:4      | Killed Edmund
  5271 | D:4      | Reached XP level 7. HP: 58/58 MP: 9/9
  5453 | D:4      | Noticed a yak
  5453 | D:4      | Noticed a yak
  5453 | D:4      | Noticed a yak
  5454 | D:4      | Noticed a yak
  5455 | D:4      | Noticed a yak
  5471 | D:4      | Noticed a yak
  5505 | D:3      | Killed a yak
  5506 | D:3      | Reached skill level 5 in Staves
  5741 | D:4      | Killed a yak
  5776 | D:4      | Killed a yak
  5811 | D:4      | Killed a yak
  5812 | D:4      | Reached XP level 8. HP: 33/66 MP: 10/10
  5896 | D:4      | Reached skill level 1 in Stealth
  5896 | D:4      | Reached skill level 1 in Spellcasting
  6226 | D:4      | Noticed Blork the orc
  6272 | D:4      | Killed Blork the orc
  6708 | D:5      | Entered Level 5 of the Dungeon
  6820 | D:5      | Identified the +9 rapier of Frustration {vorpal, Str+4}
  6923 | D:5      | Noticed Grinder
  6934 | D:5      | Paralysed by Grinder for 4 turns
  6943 | D:5      | Found Rocif's Hydra Hut.
  6944 | D:5      | Noticed a six-headed hydra
  6947 | D:5      | Killed Grinder
  6948 | D:5      | Reached skill level 5 in Dodging
  7439 | D:6      | Noticed Prince Ribbit
  7448 | D:6      | Killed Prince Ribbit
  7746 | D:6      | Reached XP level 9. HP: 59/71 MP: 15/15
  7986 | D:6      | Reached skill level 1 in Short Blades
  8466 | D:7      | Found Otet Uxkonki's Antique Weapon Shop.
  8539 | D:7      | Paralysed by a hornet for 2 turns
  8883 | D:7      | Found a staircase to the Ecumenical Temple.
  9167 | D:7      | Found Iphauhem's Weapon Emporium.
  9367 | D:7      | Found Ufourph's General Store.
  9372 | D:7      | Bought a scroll of noise for 12 gold pieces
  9372 | D:7      | Bought a potion of degeneration for 12 gold pieces
  9375 | D:7      | Gained mutation: You expend magic power (3 MP) to
                  | strengthen your wands. [potion of mutation]
  9375 | D:7      | Gained mutation: You do not regenerate when monsters are
                  | visible. [potion of mutation]
 10044 | D:8      | Reached skill level 5 in Fighting
 11222 | D:8      | Noticed a two-headed ogre
 11238 | D:8      | Killed a two-headed ogre
 11239 | D:8      | Reached skill level 1 in Conjurations
 11239 | D:8      | Reached XP level 10. HP: 13/81 MP: 17/17
 11799 | D:8      | Found a staircase to the Lair.
 12418 | Lair:1   | Entered Level 1 of the Lair of Beasts
 12433 | Lair:1   | Noticed a five-headed hydra
 12441 | Lair:1   | Reached skill level 5 in Stealth
 12452 | Lair:1   | Killed a five-headed hydra
 13263 | Lair:1   | Reached skill level 5 in Evocations
 13707 | Lair:1   | Reached XP level 11. HP: 78/91 MP: 19/19
 13837 | Lair:1   | Reached skill level 5 in Short Blades
 15015 | Lair:1   | Noticed a seven-headed hydra
 15018 | Lair:1   | Killed a seven-headed hydra
 17667 | Lair:2   | Reached skill level 5 in Armour
 17810 | Lair:2   | Reached XP level 12. HP: 103/103 MP: 20/20
 17813 | Lair:2   | Learned a level 2 spell: Scorch
 17818 | Lair:2   | Learned a level 4 spell: Flame Wave
 18480 | Lair:3   | Reached skill level 1 in Fire Magic
 18510 | Lair:3   | Noticed an eight-headed hydra
 18529 | Lair:3   | Killed an eight-headed hydra
 23742 | Lair:3   | HP: 3/104 [yak (11)]
 23746 | Lair:3   | Slain by a yak

Illustrated notes

Levels and vault maps discovered:
D:1:      dpeg_arrival_court, layout_loops_cross
D:2:      layout_loops_cross, basic_altar
D:3:      minmay_recursive_quarters, layout_basic, gammafunk_ghost_grave,
          serial_shops, nicolae_shop_trees, shop, nicolae_square_shop, shop,
          uniq_ijyb, uniq_natasha
D:4:      layout_basic, serial_shops,
          nicolae_shop_temple_entry_statues_fountains, uniq_menkaure,
          uniq_edmund, uniq_blork_the_orc
D:5:      layout_gridville, doesnt_shop_hydraphobe, uniq_grinder
D:6:      layout_loops_ring, minmay_ruined_shrine, uniq_prince_ribbit1
D:7:      layout_cave_pools, temple_pool_b, serial_shops, kennysheep_little_box,
          kennysheep_mini_moat, nicolae_stop_n_shop_2,
          hangedman_decor_diamond_cutter
D:8:      layout_gridville, grunt_lair_entry_orc_guard_hut
Lair:1:   layout_chaotic_city
Lair:2:   layout_misc_corridors
Lair:3:   layout_chaotic_city, grunt_megastairs_1

Skill      XL: |  1  2  3  4  5  6  7  8  9 10 11 12 |
---------------+-------------------------------------+-----
Fighting       | 2 3 4 5 6 8 9 |  9.0
Staves         | 3 4 5 7 8 |  8.0
Armour         | 1 2 3 4 5 6 |  6.5
Dodging        | 3 4 5 6 |  6.0
Evocations     | 1 2 3 5 6 |  6.0
Stealth        | 2 4 6 8 9 |  9.2
Spellcasting   | 2 3 |  3.0
Short Blades   | 3 4 7 8 |  8.4
Conjurations   | 1 3 4 |  4.9
Fire Magic     | 2 |  2.5
Throwing       | |  1.7

Action                   |  1- 3 |  4- 6 |  7- 9 | 10-12 || total
-------------------------+-------+-------+-------+-------++-------
Melee: Quarterstaff      |   115 |     9 |       |       ||   124
       Dagger            |       |   136 |    97 |    19 ||   252
       Whip              |       |     7 |       |       ||     7
       Rapier            |       |       |   207 |   764 ||   971
       Punch             |       |       |     4 |    14 ||    18
 Fire: Hunting sling     |    12 |       |     5 |       ||    17
 Cast: Scorch            |       |       |       |    19 ||    19
       Flame Wave        |       |       |       |     4 ||     4
Evoke: Wand              |       |       |       |    11 ||    11
  Use: Scroll            |     1 |     7 |     5 |     4 ||    17
       Potion            |       |     2 |     1 |     1 ||     4
 Stab: Distracted        |     1 |       |     1 |       ||     2
       Sleeping          |       |       |     4 |       ||     4
       Paralysed         |       |       |       |     3 ||     3
Armor: Leather armour    |    57 |    32 |    92 |    17 ||   198
       Chain mail        |       |    61 |       |       ||    61
       Plate armour      |       |       |    46 |   452 ||   498
Dodge: Dodged            |   101 |    79 |   217 |   305 ||   702
Block: Other             |       |       |    48 |   165 ||   213
       Reflection        |       |       |     1 |       ||     1
